 Dungeon Sprint DCSS version 0.31-a0-152-g6aa68a64a1 (webtiles) character file.

Game seed: 983288433452609088

10589 Conn the Scorcher (level 11, -5/64 HPs)
             Began as an Octopode Fire Elementalist on June 11, 2023.
             Was the Champion of Sif Muna.
             Slain by a golden dragon (22 damage)
             ... in the Dungeon (Sprint II: "The Violet Keep of Menkaure").
             The game lasted 00:34:58 (3137 turns).

Conn the Scorcher (Octopode Fire Elementalist)      Turns: 3137, Time: 00:34:59

Health: -5/64      AC:  2    Str:  7    XL:     11   Next: 64%
Magic:  19/29      EV: 14    Int: 34    God:    Sif Muna [******]
Gold:   57         SH:  5    Dex:  8    Spells: 6/38 levels left

rFire   + . .        g - +4 whip "Likarap" {drain, rPois Will- Int+6 Dex-5}
rCold   + . .        (no shield)
rNeg    . . .        p - +1 hat
rPois   +            e - amulet of reflection
rElec   +            d - ring of flight
rCorr   +            (no ring)
SInv    .            s - +6 ring of intelligence
Will    .....        (no ring)
Stlth   +++++        (no ring)
HPRegen 0.30/turn    (no ring)
MPRegen 0.21/turn    (no ring)
                     (no ring)

%: no teleportation, reflection
@: resistant, flying, slightly contaminated, hasted, very quick
A: almost no armour, amphibious, 8 rings, camouflage 1, gelatinous body 1,
nimble swimmer 1, tentacles
a: Renounce Religion, Channel Magic, Forget Spell, Divine Exegesis


You were in the Dungeon.
You worshipped Sif Muna.
Sif Muna was exalted by your worship.
You visited 1 branch You collected 1204 gold pieces.
You spent 1147 gold pieces at shops.

Inventory:

Hand Weapons
 g - the +4 whip "Likarap" (weapon) {drain, rPois Will- Int+6 Dex-5}
   (You bought it in a shop in the Dungeon)

   Int:       It affects your intelligence (+6).
   Dex:       It affects your dexterity (-5).
   rPois:     It protects you from poison.
   Will:      It decreases your willpower.
Armour
 p - a +1 hat (worn)
Jewellery
 d - a ring of flight (left tentacle)
 e - an amulet of reflection (around mantle)
 k - a ring of fire
 s - a +6 ring of intelligence (on tentacle)
Scrolls
 j - a scroll of brand weapon
 r - a scroll of immolation
Potions
 a - 4 potions of magic
 b - 2 potions of curing
 h - 2 potions of mutation
 i - 2 potions of brilliance
 m - a potion of attraction
 n - 3 potions of enlightenment
 t - a potion of resistance


   Skills:
 + Level 2.1 Fighting
 + Level 0.5 Maces & Flails
 + Level 6.7 Dodging
 + Level 7.2 Stealth
 - Level 6.0 Unarmed Combat
 + Level 14.2 Spellcasting
 * Level 9.9 Conjurations
 - Level 2.0 Hexes
 * Level 5.3 Summonings
 + Level 3.2 Translocations
 - Level 5.0 Transmutations
 + Level 16.4 Fire Magic
 * Level 8.3 Invocations


You had 6 spell levels left.
You knew the following spells:

 Your Spells              Type           Power      Damage    Failure   Level
a - Foxfire               Conj/Fire      100%       2x1d9     0%          1
b - Scorch                Fire           100%       2d9       0%          2
c - Inner Flame           Hex/Fire       72%        N/A       1%          3
d - Flame Wave            Conj/Fire      85%        2d18      1%          4
e - Volatile Blastmotes   Fire/Tloc      100%       2d18      1%          3
f - Irradiate             Conj/Tmut      33%        3d22      2%          5
g - Orb of Destruction    Conj           37%        9d11      24%         7
h - Summon Guardian Gole  Hex/Summ       49%        N/A       1%          3
i - Summon Small Mammal   Summ           100%       N/A       1%          1
j - Call Canine Familiar  Summ           57%        N/A       1%          3

Your spell library contained the following spells:

 Spells                   Type           Power      Damage    Failure   Level
 Slow                     Hex            100%       N/A       1%          1
 Fulminant Prism          Conj/Hex       30%        3d16      1%          4
 Sticky Flame             Conj/Fire      85%        2d10      1%          4
 Confusing Touch          Hex            38%        N/A       2%          3
 Passage of Golubria      Tloc           46%        N/A       4%          4
 Vampiric Draining        Necr           24%        2d7       5%          3
 Silence                  Hex/Air        15%        N/A       30%         5
 Lehudib's Crystal Spear  Conj/Erth      27%        10d7      100%        8


Dungeon Overview and Level Annotations

Branches:
Dungeon (1/1)

Altars:
Cheibriados
Dithmenos
Elyvilon
Fedhas
Gozag
Hepliaklqana
Kikubaaqudgha
Makhleb
Nemelex Xobeh
Okawaru
Qazlal
Ru
Sif Muna
Trog
Uskayaw
Vehumet
Wu Jian
Xom
Yredelemnul
Zin
The Shining One
Jiyva
Lugonu

Shops:
D :[[!*[:!((===?[:

Annotations:
D exclusion: oklob plant, Roxanne


Innate Abilities, Weirdness & Mutations

You cannot wear most types of armour.
You are amphibious.
You can wear up to eight rings at the same time.
Your skin changes colour to match your surroundings (Stealth+).
Your rubbery body absorbs attacks. (AC +1, EV +1)
You are camouflaged when in or above water. (Stealth+)
You have tentacles for arms and can constrict up to eight enemies at once.


Message History

Unknown command.
You feel yourself speed up.
The deep elf high priest calls down the wrath of its god upon you.
Something smites you!
The frost giant hits you with a +2 battleaxe of freezing!!
* * * LOW HITPOINT WARNING * * *
You feel much better. The golden dragon barely misses you.
You block the golden dragon's attack. The golden dragon tramples you.
You hold your ground!
The frost giant closely misses you.
Okay, then.
Unknown command.
Unknown command.
Unknown command.
Magic courses through your body.
Casting: Irradiate (dangerous; 2% risk of failure)
Confirm with . or Enter, or press ? or * to list all spells.
You erupt in a fountain of uncontrolled magic!
The golden dragon is blasted with magical radiation!
The golden dragon is lightly wounded.
The golden dragon twists and deforms.
The frost giant is blasted with magical radiation!!!
The frost giant is heavily wounded.
The frost giant twists and deforms.
The golden dragon breathes fire at you. The bolt of fire hits you! You resist.
* * * LOW HITPOINT WARNING * * *
The frost giant points at you and mumbles some strange words.
The bolt of cold misses you.
Casting: Irradiate (dangerous; 2% risk of failure)
Confirm with . or Enter, or press ? or * to list all spells.
You erupt in a fountain of uncontrolled magic!
The golden dragon is blasted with magical radiation!!!
The golden dragon is heavily wounded.
The golden dragon twists and deforms.
The frost giant is blasted with magical radiation!!
The frost giant is severely wounded.
The frost giant twists and deforms.
You are lightly contaminated with residual magic.
The golden dragon bites you!!
You die...

##...∩.∩..#~~~§#..#..#....# .
##.§..∩.⌠.#~~####...####K.## #
##...∩.∩..#~##.###+###.##..# +
##..∩.∩...#~#.#.##.####.#..# #
##.∩.∩....'~'.##'.<.'.##'..####
##..∩.....#~#..###.##........##
#▓▓▓▓▓▓▓###~##.###'###.#h......
##HZH######~~####.#.###)~~.§.§.
#)$H#F ##hD@#..#..#~~~~~~~..
#∩P!+.: #'#C##.#.#.~§~~~~~~.
#$.$#)## #.#he##'#.~~~≈≈≈§~~§
#)..###S≈ ####~~~~h~~~~~§≈§≈~~
##+###≈≈§§ #§§'~+++#~≈§§≈≈≈≈
#§○≈§ ##§≈§§≈≈≈##§§≈###≈
#§§≈S≈##≈§§§§≈≈≈§##≈≈#}#≈
§≈§○S+§≈§§§§§§§§≈§≈§#'#§
#≈○§≈≈##≈≈≈≈≈≈§≈≈##≈§≈≈≈≈


You could see a golden dragon (catching breath, misshapen), a frost giant
(misshapen), 2 hell hogs and a deep elf high priest.

Vanquished Creatures
  Kirke (D)
  A cacodemon (D)
  A yaktaur captain (D)
  A centaur warrior (D)
  A boulder beetle (D)
  A skeletal warrior (D)
  2 death drakes (D)
  An elephant (D)
  A kobold demonologist (D)
  A yaktaur (D)
  3 polar bears (D)
  A hornet (D)
  12 flying skulls (D)
  4 neqoxecs (D)
  Menkaure (D)
  4 water moccasins (D)
  2 swamp drakes (D)
  4 necrophages (D)
  9 electric eels (D)
  A hell rat (D)
  3 worms (D)
55 creatures vanquished.

Vanquished Creatures (others)
  A boulder beetle (D)
  A water moccasin (D)
  163 foxfires (D)
  56 tentacles (D)
221 creatures vanquished.

Grand Total: 276 creatures vanquished

Notes
Turn   | Place    | Note
-------+----------+-------------------------------------------
     0 | D        | Conn the Octopode Fire Elementalist began the quest for the
                  | Orb.
     0 | D        | Reached XP level 1. HP: 11/11 MP: 3/3
     1 | D        | Noticed a neqoxec
     1 | D        | Noticed a neqoxec
     6 | D        | Noticed a neqoxec
     8 | D        | Killed a neqoxec
     9 | D        | Reached skill level 7 in Fire Magic
     9 | D        | Reached XP level 2. HP: 17/17 MP: 4/7
     9 | D        | Reached XP level 3. HP: 21/21 MP: 4/8
     9 | D        | Reached XP level 4. HP: 27/27 MP: 5/10
     9 | D        | Reached XP level 5. HP: 31/31 MP: 5/11
    13 | D        | Killed a neqoxec
    14 | D        | Reached skill level 5 in Stealth
    14 | D        | Reached skill level 5 in Unarmed Combat
    14 | D        | Reached skill level 8 in Fire Magic
    14 | D        | Reached XP level 6. HP: 36/36 MP: 5/13
    15 | D        | Killed a neqoxec
    16 | D        | Reached skill level 5 in Spellcasting
    16 | D        | Reached skill level 9 in Fire Magic
    22 | D        | Learned a level 2 spell: Scorch
    26 | D        | Learned a level 3 spell: Inner Flame
    31 | D        | Learned a level 4 spell: Flame Wave
    35 | D        | Noticed a neqoxec
    43 | D        | Killed a neqoxec
    44 | D        | Reached skill level 5 in Dodging
    44 | D        | Reached skill level 10 in Fire Magic
    44 | D        | Reached XP level 7. HP: 4/41 MP: 3/16
    62 | D        | Found Ynadaich's Jewellery Emporium.
    62 | D        | Found Pextin's Antique Armour Emporium.
    62 | D        | Found Qehezoz's Jewellery Shoppe.
    62 | D        | Found Vifepal's Magic Scroll Shoppe.
    62 | D        | Found Moontog's Jewellery Emporium.
    63 | D        | Found Atsiz Jebobb's Antique Weapon Shoppe.
    63 | D        | Found Minnoppe's Distillery.
    63 | D        | Found Ydika's Book Shoppe.
    64 | D        | Found Ywkuom's Armour Emporium.
    64 | D        | Found Podiagenk's Assorted Antiques.
    64 | D        | Found Jovijoso's Distillery.
    65 | D        | Found Atrelone's Antique Weapon Emporium.
    66 | D        | Found Cufumaer's Antique Armour Shoppe.
    66 | D        | Found Viurruis's Antique Armour Emporium.
    66 | D        | Noticed an oklob plant
    67 | D        | Found Pikej's Book Shoppe.
    69 | D        | Noticed a manticore
    69 | D        | Noticed a manticore
    71 | D        | Noticed a manticore
    72 | D        | Noticed a cane toad
    74 | D        | Noticed a cane toad
    76 | D        | Bought a golden ring for 120 gold pieces
    89 | D        | Bought 2 potions of lignification for 78 gold pieces
   102 | D        | Reached skill level 11 in Fire Magic
   124 | D        | Noticed a boulder beetle
   124 | D        | Noticed a boulder beetle
   133 | D        | Found an opulent altar of Gozag.
   134 | D        | Found a blossoming altar of Fedhas.
   135 | D        | Found a white marble altar of Elyvilon.
   135 | D        | Found a burning altar of Makhleb.
   136 | D        | Found a shadowy altar of Dithmenos.
   136 | D        | Found a corrupted altar of Lugonu.
   137 | D        | Found a snail-covered altar of Cheibriados.
   137 | D        | Found an ancient bone altar of Kikubaaqudgha.
   137 | D        | Found a bloodstained altar of Trog.
   138 | D        | Found a viscous altar of Jiyva.
   138 | D        | Found a shimmering blue altar of Sif Muna.
   139 | D        | Found a hazy altar of Hepliaklqana.
   139 | D        | Found a sacrificial altar of Ru.
   140 | D        | Found a shimmering altar of Xom.
   141 | D        | Found a stormy altar of Qazlal.
   141 | D        | Found an ornate altar of the Wu Jian Council.
   141 | D        | Found a sparkling altar of Nemelex Xobeh.
   141 | D        | Found a hide-covered altar of Uskayaw.
   141 | D        | Found a basalt altar of Yredelemnul.
   141 | D        | Found a glowing golden altar of the Shining One.
   142 | D        | Found a radiant altar of Vehumet.
   142 | D        | Found an iron altar of Okawaru.
   142 | D        | Found a glowing silver altar of Zin.
   147 | D        | Became a worshipper of Sif Muna the Loreminder
   160 | D        | Noticed a kraken
   605 | D        | Learned a level 3 spell: Volatile Blastmotes
   971 | D        | Reached skill level 1 in Translocations
   971 | D        | Reached XP level 8. HP: 33/47 MP: 9/19
   973 | D        | Reached skill level 12 in Fire Magic
   975 | D        | Noticed a polar bear
   982 | D        | Noticed a flying skull
   985 | D        | Noticed a flying skull
   985 | D        | Noticed a flying skull
   985 | D        | Noticed a flying skull
   986 | D        | Noticed a flying skull
   986 | D        | Noticed a flying skull
  1146 | D        | Noticed a yaktaur
  1146 | D        | Noticed a hornet
  1146 | D        | Noticed a polar bear
  1147 | D        | Noticed a polar bear
  1150 | D        | Killed a hornet
  1150 | D        | Reached * piety under Sif Muna
  1151 | D        | Reached skill level 1 in Hexes
  1152 | D        | Killed a polar bear
  1153 | D        | Reached skill level 1 in Fighting
  1153 | D        | Killed a polar bear
  1154 | D        | Killed a polar bear
  1154 | D        | Reached ** piety under Sif Muna
  1155 | D        | Reached skill level 13 in Fire Magic
  1155 | D        | Reached XP level 9. HP: 18/53 MP: 6/22
  1256 | D        | Killed a yaktaur
  1257 | D        | Reached skill level 10 in Spellcasting
  1409 | D        | Identified Roxanne's Octavo of the Quake
  1409 | D        | Noticed Roxanne
  1561 | D        | Reached *** piety under Sif Muna
  1562 | D        | Reached skill level 5 in Conjurations
  1808 | D        | Reached **** piety under Sif Muna
  1845 | D        | Noticed Menkaure
  1856 | D        | Killed Menkaure
  1876 | D        | Bought a steaming whip for 165 gold pieces
  1876 | D        | Identified the +4 whip "Likarap" {drain, rPois Will- Int+6
                  | Dex-5} (You bought it in a shop in the Dungeon)
  2282 | D        | Found the ring of the Hare {EV+10}
  2283 | D        | Found Jeteuf's Book Boutique.
  2302 | D        | Reached ***** piety under Sif Muna
  2322 | D        | Received a gift from Sif Muna
  2322 | D        | Killed a boulder beetle
  2323 | D        | Reached skill level 14 in Fire Magic
  2324 | D        | Got Nine's Catalogue of Energetic Ill Luck {god gift}
  2331 | D        | Learned a level 5 spell: Irradiate
  2339 | D        | Learned a level 7 spell: Orb of Destruction
  2368 | D        | Reached XP level 10. HP: 44/59 MP: 12/25
  2377 | D        | Killed a boulder beetle
  2498 | D        | Received a gift from Sif Muna
  2499 | D        | Reached skill level 15 in Fire Magic
  2500 | D        | Reached skill level 5 in Invocations
  2509 | D        | Received a gift from Sif Muna
  2725 | D        | Noticed a death drake
  2731 | D        | Noticed a death drake
  2732 | D        | Killed a death drake
  2734 | D        | Killed a death drake
  2826 | D        | Noticed a crystal guardian
  2874 | D        | Bought a book of Callings for 200 gold pieces
  2878 | D        | Learned a level 3 spell: Summon Guardian Golem
  2880 | D        | Learned a level 1 spell: Summon Small Mammal
  2884 | D        | Learned a level 3 spell: Call Canine Familiar
  2891 | D        | Bought an amulet of reflection for 360 gold pieces
  2908 | D        | Bought a potion of heal wounds for 60 gold pieces
  2914 | D        | Bought a scroll labelled NUAKHOAFOH for 24 gold pieces
  2919 | D        | Bought a runed hat for 140 gold pieces
  2968 | D        | Noticed Kirke
  2968 | D        | Noticed a yaktaur captain
  2970 | D        | Noticed a centaur warrior
  2973 | D        | Noticed a skeletal warrior
  2974 | D        | Noticed a kobold demonologist
  2982 | D        | HP: 2/60 [centaur warrior/arrow (13)]
  2989 | D        | Killed a centaur warrior
  2989 | D        | Received a gift from Sif Muna
  2989 | D        | Reached ****** piety under Sif Muna
  2989 | D        | Killed a yaktaur captain
  2990 | D        | Reached skill level 5 in Transmutations
  2990 | D        | Reached XP level 11. HP: 29/64 MP: 9/28
  3011 | D        | Noticed a cacodemon
  3017 | D        | Noticed a lindwurm
  3017 | D        | Killed Kirke
  3018 | D        | Reached skill level 16 in Fire Magic
  3021 | D        | Killed a skeletal warrior
  3021 | D        | Killed a cacodemon
  3028 | D        | Reached skill level 5 in Summonings
  3114 | D        | Noticed a hell hog
  3122 | D        | Noticed a hell hog
  3127 | D        | Noticed a frost giant
  3130 | D        | Noticed a golden dragon
  3133 | D        | Noticed a deep elf high priest
  3137 | D        | Slain by a golden dragon

Illustrated notes

Levels and vault maps discovered:
D:        the_violet_keep_of_menkaure [sprint2_stairs_cluster_1,
          sprint2_shoproom, sprint2_temple, sprint2_basic_supplies,
          sprint2_obstacle_7, sprint2_obstacle_6, sprint2_obstacle_1,
          sprint2_obstacle_5, sprint2_obstacle_4, sprint2_timed_cluster_1,
          sprint2_smallroom_cluster_1, sprint2_smallroom_final_cluster_1,
          sprint2_transparent_cluster_1, sprint2_second_timed_cluster_1,
          sprint2_sniper_area_1, sprint2_heavy_combat_area_1,
          sprint2_mutation_trap_area_1, sprint2_forest_area_1,
          sprint2_light_combat_area_1, sprint2_behind_water_1,
          sprint2_near_end_vault_1]

Skill      XL: |  1  2  3  4  5  6  7  8  9 10 11 |
---------------+----------------------------------+-----
Dodging        | 3 4 5 6 |  6.7
Stealth        | 4 5 6 7 |  7.2
Unarmed Combat | 4 5 6 |  6.0
Spellcasting   | 4 6 7 9 11 13 14 | 14.2
Fire Magic     | 7 8 10 11 13 14 15 16 | 16.4
Conjurations   | 2 4 7 9 |  9.9
Translocations | 1 2 3 |  3.2
Hexes          | 2 |  2.0
Fighting       | 1 2 |  2.1
Invocations    | 4 7 8 |  8.3
Transmutations | 2 5 |  5.0
Summonings     | 2 5 |  5.3
Maces & Flails | |  0.5

Action                     |  1- 3 |  4- 6 |  7- 9 | 10-12 || total
---------------------------+-------+-------+-------+-------++-------
  Melee: Unarmed           |     5 |    12 |       |       ||    17
         Tentacles         |     2 |     4 |       |     1 ||     7
         Constrict         |     1 |     3 |       |     2 ||     6
         Punch             |     1 |       |       |       ||     1
         Whip              |       |       |       |     4 ||     4
   Cast: Flame Wave        |       |     1 |     7 |     4 ||    12
         Foxfire           |       |       |    82 |    24 ||   106
         Scorch            |       |       |    37 |    22 ||    59
         Volatile Blastmot |       |       |     6 |     2 ||     8
         Inner Flame       |       |       |    19 |    14 ||    33
         Summon Guardian G |       |       |       |     7 ||     7
         Call Canine Famil |       |       |       |     5 ||     5
         Summon Small Mamm |       |       |       |     2 ||     2
         Irradiate         |       |       |       |     3 ||     3
 Invoke: Channel Magic     |       |       |     1 |     2 ||     3
    Use: Potion            |     2 |       |     5 |     8 ||    15
         Scroll            |       |       |     8 |     2 ||    10
 Armour: Skin              |       |       |     6 |     1 ||     7
  Dodge: Dodged            |     1 |     4 |    20 |    15 ||    40
  Block: Other             |       |       |       |     2 ||     2

Table legend: (Time is in decaauts)
 A = Elapsed time spent in this place.
 B = Non-inter-level travel time spent in this place.
 C = Inter-level travel time spent in this place.
 D = Time resting spent in this place.
 E = Time spent auto-exploring this place.
 F = Levels seen in this place.
 G = Mean time per level.
                   A        B        C        D        E       F      G
               +--------+--------+--------+--------+--------+-----+--------+
         Total |   3137 |   3135 |      2 |   1600 |      0 |   1 | 3137.0 |
       Dungeon |   3137 |   3135 |      2 |   1600 |      0 |   1 | 3137.0 |
               +--------+--------+--------+--------+--------+-----+--------+

Top non-repeatable levels by time:
       D: 3137 daAuts
